Map: Nightshade LE

Players

ShoWTimE

  • Race: Protoss Protoss
  • League: Master
  • Spawn Location: 11:00

Clem - Winner!

  • Race: Terran Terran
  • Spawn Location: 5:00

Event: NationWars 2019

VOD

Have the link to the VOD?

Description

Time

  • Played on: Dec. 1, 2019, 3:24 p.m.
  • Length: 10:17

All games in this series

Show
View Real Time Build Order
Export as new Build Order

ShoWTimE Protoss 

Build Orders: 1 Gate Expand, Phoenix Opening, Blink Stalkers 

Get SALT Encoding   

  12  0:00  Probe  
  13  0:12  Probe  
  14  0:17  Pylon  
  14  0:24  Probe (Chrono Boost)  
  15  0:36  Probe (Chrono Boost), Gateway  
  16  0:44  Probe (Chrono Boost)  
  16  0:45  Assimilator  
  17  0:51  Probe  
  18  1:03  Probe  
  19  1:15  Probe  
  20  1:23  Cybernetics Core  
  20  1:32  Nexus  
  20  1:37  Probe  
  21  1:43  Pylon  
  21  1:49  Probe  
  21  1:51  Assimilator  
  22  1:58  Adept (Chrono Boost)  
  22  2:01  Probe  
  23  2:04  Warp Gate  
  25  2:13  Probe (Chrono Boost)  
  26  2:21  Sentry  
  29  2:24  Probe (Chrono Boost)  
  29  2:28  Probe (Chrono Boost)  
  30  2:41  Twilight Council  
  30  2:43  Probe (Chrono Boost)  
  31  2:44  Probe (Chrono Boost)  
  31  2:47  Stalker  
  34  2:54  Probe (Chrono Boost)  
  34  2:55  Probe (Chrono Boost), Phoenix  
  36  2:59  Probe (Chrono Boost)  
  36  3:00  Gateway  
  36  3:03  Probe  
  38  3:09  Blink (Chrono Boost)  
  38  3:11  Probe  
  39  3:16  Probe  
  40  3:23  Probe, Pylon  
  40  3:24  Assimilator  
  41  3:28  Probe  
  42  3:35  Probe  
  42  3:40  Probe, Robotics Facility  
  44  3:47  Probe  
  45  3:52  Probe  
  45  3:55  Pylon  
  46  3:58  Stalker x2  
  46  3:59  Probe  
  51  4:06  Probe  
  52  4:11  Nexus  
  52  4:15  Nexus  
  52  4:20  Pylon  
  52  4:23  Probe x2  
  54  4:25  Stalker  
  54  4:27  Observer  
  54  4:29  Stalker  
  54  4:31  Phoenix  
  59  4:35  Probe x2  
  61  4:47  Probe x2  
  61  4:49  Charge  
  61  4:51  Observer  
  64  4:56  Pylon  
  64  4:59  Stalker x2  
  68  5:00  Probe x2  
  70  5:08  Forge  
  70  5:09  Forge  
  71  5:14  Observer  
  71  5:19  Gateway x2  
  71  5:23  Gateway  
  71  5:27  Gateway  
  71  5:33  Gateway  
  71  5:36  Gateway  
  71  5:38  Probe  
  71  5:39  Probe, Protoss Ground Weapons Level 1 (Chrono Boost), Protoss Ground Armor Level 1 (Chrono Boost)  
  71  5:40  Probe  
  74  5:55  Sentry  
  74  5:56  Probe  
  78  5:57  Probe x2  
  78  5:58  Pylon, Sentry  
  81  6:04  Pylon  
  85  6:11  Immortal  
  85  6:16  Zealot x2  
  89  6:21  Zealot x3  
  89  6:22  Pylon  
  95  6:25  Zealot  
  95  6:28  Observer  
  95  6:32  Zealot x2  
  101  6:38  Zealot x2  
  99  6:45  Zealot x3  
  99  6:47  Zealot  
  105  6:54  Immortal  
  105  6:59  Probe x2  
  105  7:00  Probe  
  92  7:02  Assimilator  
  92  7:08  Zealot x3  
  96  7:12  Probe x3  
  97  7:18  Zealot x2  
  97  7:20  Templar Archives  
  101  7:23  Assimilator  
  101  7:24  Probe x2  
  101  7:27  Assimilator  
  101  7:28  Stalker  
  105  7:35  Stalker x3  
  111  7:39  Probe  
  111  7:40  Probe  
  111  7:42  Stalker  
  111  7:43  Probe, Psionic Storm  
  112  7:51  Probe  
  112  7:52  Probe  
  112  7:55  Probe  
  112  7:57  Stalker x2  
  112  8:03  Probe  
  112  8:04  Probe  
  114  8:07  Probe, High Templar  
  117  8:18  Photon Cannon  
  117  8:21  Pylon x2  
  117  8:24  Pylon  
  117  8:29  Pylon  
  117  8:39  Warp Prism (Chrono Boost)  
  117  8:40  High Templar  
  121  8:42  Nexus  
  121  8:43  High Templar  
  123  8:50  Probe x2  
  123  8:51  Probe  
  123  8:52  High Templar  
  123  8:53  Pylon  
  128  8:58  Pylon, Zealot  
  128  9:02  Probe  
  131  9:03  Probe x2  
  131  9:04  High Templar  
  131  9:08  Zealot  
  137  9:14  Probe  
  137  9:15  Probe x2, Robotics Bay  
  140  9:18  Photon Cannon  
  140  9:27  Probe x3  
  140  9:28  Robotics Facility  
  140  9:30  Pylon, Stalker  
  145  9:36  Stalker x2  
  147  9:39  Probe  
  147  9:40  Stalker x2  
  144  9:47  Zealot x2  
  144  9:50  Zealot  
  136  9:55  Zealot  
  136  9:59  Zealot x2  
  121  10:05  Zealot x2  
  106  10:08  Zealot x2  
  106  10:12  Zealot  
Show
View Real Time Build Order
Export as new Build Order

Clem Terran - Winner!

Build Orders: Reaper Expand 

Get SALT Encoding   

  12  0:00  SCV  
  13  0:12  SCV  
  14  0:17  Supply Depot  
  14  0:24  SCV  
  15  0:38  SCV  
  15  0:40  Barracks  
  16  0:42  Refinery  
  16  0:51  SCV  
  17  1:03  SCV  
  18  1:15  SCV  
  19  1:27  Orbital Command, Reaper  
  20  1:40  Command Center  
  20  1:48  Supply Depot  
  20  1:53  SCV  
  21  1:59  Marine  
  22  2:05  SCV  
  23  2:08  Factory  
  23  2:16  Bunker  
  23  2:18  SCV  
  23  2:21  Barracks Reactor  
  24  2:24  Refinery  
  24  2:30  SCV  
  25  2:42  SCV  
  26  2:53  Orbital Command  
  26  2:54  Starport  
  26  2:56  SCV  
  26  2:58  Marine x2  
  29  3:01  Widow Mine  
  31  3:08  SCV  
  32  3:15  Marine  
  32  3:16  Marine  
  32  3:19  SCV  
  35  3:20  SCV  
  35  3:23  Widow Mine  
  35  3:24  Supply Depot  
  38  3:30  Medivac  
  38  3:33  Barracks  
  40  3:36  SCV x2  
  40  3:41  Marine x2  
  43  3:44  Widow Mine  
  43  3:48  SCV  
  46  3:50  Supply Depot  
  46  3:57  SCV  
  46  3:58  Marine x2  
  49  4:06  Starport Tech Lab, Factory Tech Lab  
  49  4:08  Barracks  
  49  4:09  SCV  
  50  4:10  SCV  
  50  4:16  Marine, Engineering Bay  
  52  4:19  Marine  
  52  4:20  Refinery  
  52  4:21  SCV  
  54  4:27  Siege Tank  
  54  4:29  SCV  
  58  4:32  Starport Reactor, Supply Depot  
  58  4:34  Marine  
  59  4:38  Stimpack  
  59  4:40  SCV  
  59  4:42  Marine  
  61  4:50  Marauder, SCV  
  62  4:54  Supply Depot  
  62  4:55  Terran Infantry Weapons Level 1  
  62  4:58  SCV  
  62  4:59  Refinery  
  63  5:02  Marine  
  63  5:03  Marine  
  63  5:06  SCV  
  66  5:09  Combat Shield, Factory Reactor  
  66  5:14  Marauder, Supply Depot  
  66  5:17  Supply Depot  
  68  5:22  Marine x2, SCV  
  68  5:24  SCV  
  74  5:35  SCV  
  75  5:36  Marauder, SCV  
  75  5:39  Supply Depot  
  75  5:42  Medivac x2  
  82  5:47  Marine, Supply Depot  
  82  5:49  Marine, Widow Mine x2  
  86  5:50  Marine  
  87  5:57  Marauder  
  87  5:58  SCV x2  
  87  6:00  Supply Depot  
  91  6:08  Marine x2  
  91  6:09  Marauder  
  95  6:11  Widow Mine x2  
  95  6:13  SCV x2  
  95  6:18  Concussive Shells  
  101  6:19  Medivac  
  101  6:20  Medivac, Marauder  
  101  6:21  Supply Depot  
  106  6:32  Command Center  
  106  6:36  Marine x2  
  106  6:37  Liberator x2  
  101  6:40  Marauder  
  101  6:42  Widow Mine x2  
  101  6:44  Marauder  
  102  6:51  Supply Depot  
  100  6:58  Marine x2  
  96  7:04  Marauder  
  92  7:13  Marauder, Barracks  
  92  7:14  Barracks  
  92  7:16  Terran Infantry Armor Level 1  
  92  7:19  Marine x2  
  92  7:20  Widow Mine  
  96  7:25  SCV x2  
  96  7:28  Widow Mine  
  100  7:34  Marauder  
  100  7:37  SCV  
  101  7:39  Marine x2, Marauder  
  101  7:42  Widow Mine  
  107  7:46  Orbital Command  
  107  7:50  SCV  
  105  7:54  Medivac x2  
  105  7:55  Marauder  
  108  7:59  SCV  
  108  8:01  Barracks Reactor, Marauder  
  108  8:02  Barracks Tech Lab  
  108  8:03  Marine x2  
  113  8:08  Widow Mine x2, SCV  
  113  8:10  Ghost Academy  
  118  8:13  SCV  
  118  8:17  Liberator x2  
  118  8:18  SCV  
  120  8:20  SCV  
  120  8:22  Marauder x2  
  120  8:23  Supply Depot  
  120  8:25  Marine x2, Supply Depot  
  129  8:27  Marauder, SCV  
  136  8:35  SCV  
  137  8:45  Marine x2, Widow Mine  
  137  8:46  Marine x3, Supply Depot  
  146  8:53  Marauder  
  148  9:00  SCV, Supply Depot, Armory  
  148  9:01  SCV, Engineering Bay  
  148  9:02  SCV  
  151  9:03  Refinery  
  151  9:04  Marauder  
  151  9:05  Refinery  
  153  9:11  Unknown  
  155  9:17  Command Center  
  155  9:25  Marine x4  
  155  9:27  Marauder x2  
  163  9:31  Widow Mine x2  
  163  9:37  Supply Depot  
  163  9:38  SCV  
  167  9:40  Marauder, Unknown  
  167  9:45  Marine x4  
  160  9:49  Marauder x2  
  157  9:55  SCV x2  
  150  10:03  SCV  
  150  10:04  Barracks  
  150  10:05  Barracks  
  150  10:06  Barracks  
Tags
 
Add a new tag
Caveats
  • Supply blocks, unpowered buildings, or Contaminate may cause inaccurate times.
  • Supply counts are checked every 10 seconds.